 Dungeon Crawl Stone Soup version 0.19.0-20-gbc5f0c6 (webtiles) character file.

14259 Janus the Party-goer (level 12, -18/93 HPs)
             Began as a Formicid Fighter on Nov 17, 2016.
             Was a Priest of Uskayaw.
             Killed from afar by an ice dragon (31 damage)
             ... with a blast of cold
             ... on level 12 of the Dungeon.
             The game lasted 00:48:27 (8487 turns).

Janus the Party-goer (Formicid Fighter)             Turns: 8487, Time: 00:48:27

Health: -18/93     AC: 14    Str: 33    XL:     12   Next: 43%
Magic:  21/21      EV: 10    Int:  9    God:    Uskayaw [***...]
Gold:   497        SH: 21    Dex: 17    Spells: 0 memorised, 11 levels left

rFire  . . .     SeeInvis +     Q - +0 blowgun
rCold  . . .     Gourm    .     b - +0 scale mail
rNeg   . . .     Faith    .     c - +0 shield
rPois  .         Spirit   .     (helmet unavailable)
rElec  .         Reflect  +     n - +1 cloak
rCorr  .         Harm     .     (no gloves)
MR     +....     Clarity  +     V - +0 pair of boots (curse)
Stlth  ..........               L - +4 amulet of reflection
                                s - +4 ring of dexterity
                                e - +6 ring of strength

@: mighty
A: permanent stasis, dig shafts and tunnels, four strong arms, antennae 3, beak,
large bone plates 1, thin metallic scales 1, blurry vision 2, clarity, high mp
1, regeneration 1, no device heal 1
a: Dig, Shaft Self, Stomp, Line Pass, Renounce Religion


You were on level 12 of the Dungeon.
You worshipped Uskayaw.
Uskayaw was aware of your devotion.
You were not hungry.

You visited 2 branches of the dungeon, and saw 13 of its levels.

You collected 849 gold pieces.
You spent 352 gold pieces at shops.

Inventory:

Hand Weapons
 o - a +1 war axe of chopping
 C - a +0 vampiric hand axe
 Q - a +0 blowgun (weapon)
Missiles
 A - 2 curare-tipped needles
 M - a throwing net (quivered)
Armour
 b - a +0 scale mail (worn)
 c - a +0 shield (worn)
 g - a +0 pair of boots
 n - a +1 cloak (worn)
 V - a cursed +0 pair of boots (worn)
Jewellery
 e - a +6 ring of strength (left hand)
 l - an uncursed amulet of guardian spirit
 s - a +4 ring of dexterity (right hand)
 x - an uncursed ring of stealth
 y - an uncursed ring of magical power
 H - an uncursed ring of protection from fire
 L - a +4 amulet of reflection (around neck)
 T - an uncursed ring of positive energy
Wands
 r - a wand of disintegration (13/24)
 u - a wand of disintegration (20/24)
 v - a wand of lightning (12/15)
 D - a wand of lightning (3/15)
 G - a wand of polymorph (15/24)
 P - a wand of flame (16/48)
Scrolls
 a - 2 scrolls of enchant weapon
 d - a scroll of amnesia
 j - 4 scrolls of identify
 m - 6 scrolls of remove curse
 q - 4 scrolls of recharging
 J - a scroll of enchant armour
 N - 3 scrolls of fog
 R - 2 scrolls of vulnerability {unknown}
 U - a scroll of acquirement {unknown}
Potions
 p - 4 potions of brilliance
 t - 2 potions of lignification
 z - 6 potions of curing
 I - 2 potions of magic {unknown}
 K - a potion of agility
 O - a potion of cancellation {unknown}
Books
 w - a book of Power

   Spells                             Type                      Level
   a - Fulminant Prism                Conjuration/Hexes            4
   b - Iskenderun's Mystic Blast      Conjuration                  4
   c - Venom Bolt                     Conjuration/Poison           5
   d - Bolt of Magma                  Conjuration/Fire/Earth       5
   e - Iron Shot                      Conjuration/Earth            6
   f - Orb of Destruction             Conjuration                  7
   g - Spellforged Servitor           Conjuration/Summoning        7
Comestibles
 f - 11 bread rations
 h - 7 fruits
 i - a royal jelly
 k - 7 meat rations
 B - 2 slices of pizza
 E - a beef jerky
 S - 3 chunks of flesh


   Skills:
 + Level 8.2 Fighting
 * Level 10.4 Axes
 + Level 6.8 Throwing
 + Level 8.6 Armour
 + Level 8.9 Shields
 * Level 10.6 Invocations


You had 11 spell levels left.
You didn't know any spells.

Dungeon Overview and Level Annotations

Branches:
Dungeon (12/15)            Temple (1/1) D:5            Lair (0/6) D:11
    Orc (0/2) D:10

Altars:
Ashenzari
Elyvilon
Fedhas
Gozag
Makhleb
Nemelex Xobeh
Okawaru
Qazlal
Sif Muna
Trog
Uskayaw
Xom
Yredelemnul
Zin
The Shining One

Shops:
D:7 !!:*(   D:8 *   D:11 (

Portals:
Ice
Cave: D:12

Annotations:
D:10 exclusion: obsidian statue


Innate Abilities, Weirdness & Mutations

You are under a permanent stasis effect.
You can dig through walls and to a lower floor.
Your four strong arms can wield two-handed weapons with a shield.
You have a pair of large antennae on your head. (SInv)
You have a beak for a mouth.
You are partially covered in large bone plates. (SH +4)
You are partially covered in thin metallic scales. (AC +2)
Scrolls take you longer to read.
You possess an exceptional clarity of mind.
You have an increased reservoir of magic. (+10% MP)
Your natural rate of healing is unusually fast.
Potions and wands are less effective at restoring your health.


Message History

Throwing (i - inventory. (,) - cycle):
M - 2 throwing nets (quivered)
Press: ? - help, Shift-Dir - straight line, f - ice dragon
Aim: an ice dragon (lightly wounded, immune to nets)
You throw a throwing net. The throwing net hits the ice dragon.
The ice dragon is too large for the net to hold!
The ice dragon is lightly wounded.
The polar bear rages.
A yak comes into view.
The yak bellows!
You hear a bellow!
A yak comes into view.
The polar bear bites you but does no damage.
You block the polar bear's attack. The polar bear claws you.
* * * LOW HITPOINT WARNING * * *
You hear a bellow!
A yak comes into view.
The yak bellows!
Okay, then.
The ice dragon breathes frost at you. The blast of cold hits you!
You die...

.........##..####..###.#......
.........#...{.........#......
.........#..{.Y......>.#......
........(#####Y##..#####......
#+###.........Y.#..#..........
+...........####....####..
#......D.Y..........+..#..
#...........[.......#..#..
#.......h@..........#..#..
######+####............'..#..
..........#............#..#..
..........#.......(.((.####..
..........#....##+#..........
.......(..#....# #..........
..........'....# #..........
#######'###....# #..........
...............# #####......


You could see an ice dragon, a polar bear (berserk) and 4 yaks.

Vanquished Creatures
  Erolcha (D:10)
  A death knight (D:11)
  The ghost of howech the Cleaver, a journeyman GrBe of Trog (D:10)
  Sonja (D:10)
  An unseen horror (D:11)
  2 hill giants (D:11)
  The ghost of toast the Cleaver, a novice MiFi of the Shining One (D:6)
  2 cyclopes
  A deep elf mage (D:12)
  A manticore (D:11)
  2 ugly things (D:10)
  2 trolls
  A polar bear (D:12)
  A two-headed ogre (D:11)
  2 hippogriffs
  A spriggan (D:7)
  A wraith (D:10)
  2 yaks (D:12)
  A vampire (D:11)
  A hill giant zombie (D:10)
  2 hungry ghosts
  Menkaure (D:7)
  A mottled dragon (D:12)
  Duvessa (D:7)
  A water moccasin (D:8)
  4 ice beasts
  2 sky beasts
  An eye of draining (D:11)
  5 orc warriors
  5 phantoms
  4 ogres
  2 wolves (D:12)
  A crocodile (D:11)
  A big kobold (D:10)
  8 bullfrogs
  Dowan (D:7)
  A gnoll sergeant (D:10)
  2 wyvern skeletons (D:9)
  3 scorpions
  3 killer bees (D:11)
  4 wights (D:8)
  5 howler monkeys (D:8)
  An electric eel (D:9)
  2 bullfrog zombies
  2 crimson imps
  4 jellies
  2 hounds (D:12)
  6 orc priests
  A bullfrog skeleton (D:5)
  4 iguanas
  A centaur skeleton (D:6)
  9 orc wizards
  7 worker ants
  A killer bee zombie (D:5)
  5 ogre zombies (D:10)
  A hound skeleton (D:7)
  A worker ant zombie (D:11)
  4 gnolls (D:10)
  12 adders
  A howler monkey skeleton (D:8)
  4 shadow imps
  2 adder skeletons (D:4)
  2 worms
  2 dart slugs
  8 leopard geckos
  41 orcs
  A ball python (D:4)
  9 giant cockroaches
  11 goblins
  8 hobgoblins
  13 jackals
  7 kobolds
  4 quokkas
  3 bats
  9 frilled lizards
  2 goblin skeletons (D:10)
  2 goblin zombies (D:10)
  2 hobgoblin zombies (D:10)
  A jackal skeleton (D:5)
  An orc skeleton (D:10)
  12 orc zombies (D:10)
  A quokka skeleton (D:5)
  6 rats
299 creatures vanquished.

Notes
Turn   | Place    | Note
-------+----------+-------------------------------------------
     0 | D:1      | Janus the Formicid Fighter began the quest for the Orb.
     0 | D:1      | Reached XP level 1. HP: 18/18 MP: 1/1
   101 | D:1      | Reached XP level 2. HP: 20/24 MP: 2/2
   131 | D:1      | Found a shimmering altar of Xom.
   506 | D:1      | Reached XP level 3. HP: 23/29 MP: 3/3
   949 | D:2      | Gained mutation: You have an increased reservoir of magic. (+10% MP) [potion of mutation]
   949 | D:2      | Gained mutation: Your mind is acute. (Int +2) [potion of mutation]
   949 | D:2      | Gained mutation: You have a beak for a mouth. [potion of mutation]
  1003 | D:2      | Reached skill level 1 in Throwing
  1003 | D:2      | Reached XP level 4. HP: 34/35 MP: 4/4
  1387 | D:3      | Reached XP level 5. HP: 34/42 MP: 5/5
  1454 | D:3      | Found a faded altar of an unknown god.
  2542 | D:4      | Reached XP level 6. HP: 22/48 MP: 6/6
  2901 | D:4      | Noticed an ogre
  2906 | D:4      | Killed an ogre
  3124 | D:5      | Entered Level 5 of the Dungeon
  3453 | D:5      | Reached XP level 7. HP: 51/55 MP: 7/7
  3576 | D:5      | Found a staircase to the Ecumenical Temple.
  3585 | Temple   | Entered the Ecumenical Temple
  3620 | Temple   | Became a worshipper of Uskayaw the Reveler
  3690 | D:5      | Reached * piety under Uskayaw
  3692 | D:5      | Reached skill level 5 in Shields
  3692 | D:5      | Reached ** piety under Uskayaw
  3826 | D:6      | Reached skill level 1 in Invocations
  3862 | D:6      | Reached *** piety under Uskayaw
  3864 | D:6      | Reached **** piety under Uskayaw
  3872 | D:6      | Reached skill level 5 in Axes
  3872 | D:6      | Reached skill level 5 in Armour
  3872 | D:6      | Reached ***** piety under Uskayaw
  3916 | D:6      | Reached XP level 8. HP: 35/61 MP: 10/10
  3929 | D:6      | Noticed toast's ghost (novice MiFi)
  4092 | D:6      | Killed toast's ghost
  4092 | D:6      | Reached skill level 5 in Fighting
  4426 | D:7      | Found Pitso's Book Shoppe.
  4433 | D:7      | Reached XP level 9. HP: 68/68 MP: 13/13
  4488 | D:7      | Found Ytuqoal's Distillery.
  4494 | D:7      | Bought a potion of heal wounds for 60 gold pieces
  4494 | D:7      | Bought a potion of curing for 36 gold pieces
  4494 | D:7      | Bought a potion of might for 48 gold pieces
  4645 | D:7      | Found Basmeru's Assorted Antiques.
  4763 | D:7      | Found Idghui's Weapon Shop.
  4767 | D:7      | Noticed Menkaure
  4772 | D:7      | Killed Menkaure
  4813 | D:7      | Reached skill level 5 in Invocations
  4946 | D:7      | Found Zoqaf's Distillery.
  4952 | D:7      | Bought a potion of curing for 33 gold pieces
  4952 | D:7      | Bought a potion of might for 44 gold pieces
  4952 | D:7      | Bought a potion of might for 44 gold pieces
  4952 | D:7      | Bought a potion of mutation for 27 gold pieces
  4952 | D:7      | Gained mutation: Your natural rate of healing is unusually fast. [potion of mutation]
  4952 | D:7      | Gained mutation: Potions and wands are less effective at restoring your health. [potion of mutation]
  4955 | D:7      | Gained mutation: You are partially covered in large bone plates. (SH +4) [potion of beneficial mutation]
  5000 | D:7      | Noticed Duvessa
  5000 | D:7      | Noticed Dowan
  5005 | D:7      | Killed Duvessa
  5008 | D:7      | Killed Dowan
  5074 | D:7      | Bought a potion of mutation for 30 gold pieces
  5074 | D:7      | Bought a potion of mutation for 30 gold pieces
  5074 | D:7      | Gained mutation: Scrolls take you a little longer to read. [potion of mutation]
  5074 | D:7      | Gained mutation: Scrolls take you longer to read. [potion of mutation]
  5075 | D:7      | Lost mutation: Your mind is acute. (Int +2) [potion of mutation]
  5075 | D:7      | Gained mutation: You possess an exceptional clarity of mind. [potion of mutation]
  5075 | D:7      | Gained mutation: You are partially covered in thin metallic scales. (AC +2) [potion of mutation]
  5301 | D:8      | Reached ****** piety under Uskayaw
  5359 | D:8      | Found Utatushay's Island Escapes.
  5459 | D:8      | Reached XP level 10. HP: 76/76 MP: 16/16
  6253 | D:9      | Reached skill level 5 in Throwing
  6329 | D:10     | Entered Level 10 of the Dungeon
  6573 | D:10     | Noticed an obsidian statue
  6692 | D:10     | Noticed howech's ghost (journeyman GrBe)
  6701 | D:10     | Killed howech's ghost
  6788 | D:10     | Noticed Erolcha
  6797 | D:10     | Killed Erolcha
  6797 | D:10     | Reached XP level 11. HP: 39/84 MP: 17/19
  6875 | D:10     | Noticed Sonja
  6881 | D:10     | Killed Sonja
  7003 | D:10     | Found a staircase to the Orcish Mines.
  7372 | D:11     | Noticed a death knight
  7373 | D:11     | Noticed an unseen horror
  7380 | D:11     | Noticed a manticore
  7383 | D:11     | Killed a death knight
  7384 | D:11     | Killed an unseen horror
  7392 | D:11     | Killed a manticore
  7507 | D:11     | Noticed a hill giant
  7518 | D:11     | Killed a hill giant
  7564 | D:11     | Noticed a green ugly thing
  7566 | D:11     | Noticed a death yak
  7568 | D:11     | Noticed an elephant
  7578 | D:11     | Noticed a cyan ugly thing
  7580 | D:11     | Noticed a cyclops
  7597 | D:10     | Killed a green ugly thing
  7660 | D:11     | Found a staircase to the Lair.
  7723 | D:11     | Found Qoedom Pannu's Weapon Shop.
  7787 | D:11     | Noticed a hill giant
  7798 | D:11     | Killed a hill giant
  7798 | D:11     | Reached skill level 10 in Invocations
  7798 | D:11     | Reached XP level 12. HP: 92/92 MP: 21/21
  7817 | D:11     | Reached skill level 10 in Axes
  7957 | D:11     | You fall through a shaft!
  8442 | D:12     | Found a frozen archway.
  8450 | D:12     | Noticed an ice dragon
  8487 | D:12     | Killed from afar by an ice dragon

Skill      XL: |  1  2  3  4  5  6  7  8  9 10 11 12 |
---------------+-------------------------------------+-----
Shields        | 4 5 6 7 8 |  8.9
Throwing       | 1 2 3 4 5 6 |  6.8
Axes           | 3 4 5 6 7 8 9 10 | 10.4
Armour         | 4 5 6 7 8 |  8.6
Fighting       | 4 5 6 7 8 |  8.2
Invocations    | 2 4 6 8 10 | 10.6

Action                   |  1- 3 |  4- 6 |  7- 9 | 10-12 || total
-------------------------+-------+-------+-------+-------++-------
Melee: War axe           |   117 |   145 |   194 |   392 ||   848
       Peck              |     4 |    34 |    53 |    99 ||   190
 Fire: Blowgun           |       |       |       |    14 ||    14
Throw: Tomahawk          |       |       |     5 |    10 ||    15
       Throwing net      |       |       |       |     1 ||     1
Invok: Line Pass         |       |       |       |     1 ||     1
 Abil: Dig               |       |     1 |       |       ||     1
       Shaft Self        |       |       |       |     1 ||     1
Evoke: Wand              |       |       |       |     1 ||     1
  Use: Potion            |     4 |     1 |    11 |     8 ||    24
       Scroll            |       |     7 |    10 |     1 ||    18
 Stab: Paralysed         |       |       |    14 |    32 ||    46
  Eat: Chunk             |     1 |     8 |     4 |    10 ||    23
       Fruit             |       |       |     3 |     6 ||     9
Armor: Scale mail        |    60 |    38 |    62 |    72 ||   232
Dodge: Dodged            |    58 |    52 |    47 |    58 ||   215
Block: Shield            |    65 |    74 |   147 |   331 ||   617
       Reflection        |       |       |       |    11 ||    11
